 Dungeon Crawl Stone Soup version 0.20.1-1-g8b1a95d (webtiles) character file.

518 Jerry the Slasher (level 7, -1/54 HPs)
             Began as a Barachi Gladiator on Oct 23, 2017.
             Was an Initiate of Gozag.
             Slain by a centaur
             ... wielding a cursed -1 shortbow
              (4 damage)
             ... on level 6 of the Dungeon.
             The game lasted 00:13:20 (3748 turns).

Jerry the Slasher (Barachi Gladiator)               Turns: 3748, Time: 00:13:21

Health: -1/54      AC:  7    Str: 17    XL:     7   Next: 21%
Magic:  7/7        EV: 13    Int:  8    God:    Gozag
Gold:   376        SH:  0    Dex: 14    Spells: 6/6 levels left

rFire    . . .     SeeInvis +   a - +1 long sword
rCold    . . .     Gourm    .   (no shield)
rNeg     . . .     Faith    .   b - +0 leather armour
rPois    .         Spirit   .   c - +0 helmet
rElec    .         Reflect  .   (no cloak)
rCorr    .         Harm     .   (no gloves)
MR       +....                  o - +0 pair of boots
Stlth    +.........             (no amulet)
Regen    0.2/turn               n - ring of see invisible
MPRegen  0.1/turn               h - ring of protection from magic

@: slow
A: +LOS, swims, slimy green scales 1, slowness 1, evolution 1, MP-powered wands,
strong legs 1
a: Hop, Potion Petition, Call Merchant, Bribe Branch, Renounce Religion


You were on level 6 of the Dungeon.
You worshipped Gozag.
Gozag was aware of your devotion.
You were very hungry.

You visited 1 branch of the dungeon, and saw 6 of its levels.

You collected 411 gold pieces.
You paid 35 gold pieces to Gozag.

Inventory:

Hand Weapons
 a - a +1 long sword (weapon)
 g - a +4 short sword of flaming
Missiles
 d - 3 throwing nets (quivered)
Armour
 b - a +0 leather armour (worn)
 c - a +0 helmet (worn)
 k - a +0 buckler
 o - a +0 pair of boots (worn)
Jewellery
 h - a ring of protection from magic (right hand)
 n - a ring of see invisible (left hand)
Wands
 r - a wand of polymorph (9/24)
Scrolls
 e - a scroll of enchant weapon
 l - a scroll of fog {unknown}
 p - a scroll of random uselessness {unknown}
 q - a scroll of identify
 s - 3 scrolls of teleportation
 t - 2 scrolls of remove curse
 y - a scroll of immolation {unknown}
Potions
 j - a potion of curing
Comestibles
 f - 2 bread rations


   Skills:
 + Level 4.3 Fighting
 * Level 6.8 Long Blades
 - Level 2.0 Throwing
 + Level 3.5 Armour
 - Level 3.4 Dodging
 + Level 3.2 Shields


You had 6 spell levels left.
You didn't know any spells.

Dungeon Overview and Level Annotations

Branches:
Dungeon (6/15)             Temple (0/1) D:4

Altars:
Elyvilon
Gozag
The Shining One

Portals:
Sewer: D:6

Annotations:
D:4 1 runed door
D:5 Eustachio


Innate Abilities, Weirdness & Mutations

Shadows flee at your approach. (+LOS)
You can swim through water.
You cover ground slowly.
You can hop short distances.
You are partially covered in slimy green scales. (AC +2)
You evolve.
You expend magic power (3 MP) to strengthen your wands.


Message History

You see here an arrow.
The adder hisses angrily.
The centaur shoots an arrow.
The arrow hits you!
* * * LOW HITPOINT WARNING * * *
You see here an arrow.
The adder hisses angrily.
You hit the centaur.
The centaur is lightly wounded.
You are ready to hop once more.
The centaur closely misses you.
You hit the centaur.
The centaur is moderately wounded.
The centaur hits you but does no damage.
The centaur hits you with an enchanted shortbow!
* * * LOW HITPOINT WARNING * * *
You closely miss the centaur.
The centaur is moderately wounded.
The centaur hits you with an enchanted shortbow.
You die...
Your body crumbles into a pile of gold.

.. .# #### #.
.#≈≈≈≈≈ #. .+sS∩≈≈
#.###.#SS≈≈≈
#.....######
#...........
#..........#
#######..c.......#
.........@######.##
..........(........
#######(.####...#.
#...# # #.#.#
#.#.## #.#..#
..##.## ####..#


You could see a centaur, 3 adders and a giant cockroach.

Vanquished Creatures
  The ghost of Dwachs the Covered, an amateur MiFi (D:3)
  An ogre (D:4)
  2 hounds
  2 orc wizards
  A worker ant (D:5)
  Robin (D:2)
  2 adders
  A shadow imp (D:5)
  2 worms (D:2)
  3 dart slugs
  8 orcs
  10 bats
  6 giant cockroaches
  13 goblins
  7 hobgoblins
  12 jackals
  5 kobolds
  2 quokkas (D:3)
  10 frilled lizards
  9 rats
98 creatures vanquished.

Notes
Turn   | Place    | Note
-------+----------+-------------------------------------------
     0 | D:1      | Jerry the Barachi Gladiator began the quest for the Orb.
     0 | D:1      | Reached XP level 1. HP: 17/17 MP: 1/1
    57 | D:1      | Reached skill level 4 in Long Blades
    57 | D:1      | Reached XP level 2. HP: 7/23 MP: 2/2
   632 | D:1      | Reached XP level 3. HP: 23/28 MP: 3/3
  1108 | D:1      | Reached skill level 1 in Armour
  1423 | D:2      | Noticed Robin
  1432 | D:3      | Reached skill level 1 in Shields
  1442 | D:3      | Reached XP level 4. HP: 25/34 MP: 4/4
  1626 | D:2      | Reached skill level 5 in Long Blades
  1633 | D:2      | Killed Robin
  1726 | D:2      | Found an opulent altar of Gozag.
  1898 | D:2      | Became a worshipper of Gozag Ym Sagoz the Greedy
  1952 | D:3      | Reached XP level 5. HP: 28/41 MP: 5/5
  2076 | D:3      | Found a white marble altar of Elyvilon.
  2727 | D:3      | Found a glowing golden altar of the Shining One.
  2784 | D:3      | Noticed Dwachs's ghost (amateur MiFi)
  2790 | D:3      | Killed Dwachs's ghost
  2790 | D:3      | Reached skill level 6 in Long Blades
  2790 | D:3      | Reached XP level 6. HP: 37/48 MP: 6/6
  3360 | D:4      | Found a staircase to the Ecumenical Temple.
  3380 | D:4      | Reached XP level 7. HP: 54/54 MP: 7/7
  3580 | D:4      | Found a runed door.
  3585 | D:4      | Gained mutation: You expend magic power (3 MP) to strengthen your wands. [potion of mutation]
  3585 | D:4      | Gained mutation: You are partially covered in slimy green scales. (AC +2) [potion of mutation]
  3585 | D:4      | Gained mutation: You evolve. [potion of mutation]
  3632 | D:5      | Entered Level 5 of the Dungeon
  3670 | D:5      | Noticed Eustachio
  3742 | D:6      | Found a glowing drain.
  3748 | D:6      | Slain by a centaur

Skill      XL: |  1  2  3  4  5  6 |
---------------+-------------------+-----
Long Blades    | 4 5 6 |  6.8
Armour         | 1 2 3 |  3.5
Shields        | 1 2 3 |  3.2
Fighting       | 3 4 |  4.3
Throwing       | |  2.0
Dodging        | |  3.4

Action                   |  1- 3 |  4- 6 |  7- 9 || total
-------------------------+-------+-------+-------++-------
Melee: Long sword        |   119 |   135 |    26 ||   280
Invok: Potion Petition   |       |     1 |       ||     1
 Abil: Hop               |     1 |     1 |     1 ||     3
  Use: Potion            |       |     6 |     1 ||     7
       Scroll            |       |     5 |     3 ||     8
  Eat: Chunk             |     2 |     2 |       ||     4
       Fruit             |       |     4 |       ||     4
       Royal jelly       |       |     1 |       ||     1
Armor: Leather armour    |    33 |     4 |     4 ||    41
       Ring mail         |    23 |    43 |       ||    66
       Skin              |       |     3 |       ||     3
Dodge: Dodged            |    93 |    82 |    20 ||   195
       Rpst.: Long sword |    28 |    24 |     4 ||    56
